 Dungeon Crawl Stone Soup version 0.19-a0-1490-g5dd3618 (webtiles) character file.

379 epen the Ducker (level 6, -2/32 HPs)
             Began as a Spriggan Monk on Sept 8, 2016.
             Was an Initiate of Gozag.
             Slain by a centaur
             ... wielding a +0 club
              (7 damage)
             ... on level 4 of the Dungeon.
             The game lasted 00:07:08 (5312 turns).

epen the Ducker (Spriggan Monk)                     Turns: 5312, Time: 00:07:10

Health: -2/32      AC:  4    Str:  7    XL:     6   Next: 45%
Magic:  7/7        EV: 28    Int: 11    God:    Gozag
Gold:   606        SH:  0    Dex: 26    Spells: 0 memorised, 5 levels left

rFire  . . .     SeeInvis +     p - +1 short sword (holy)
rCold  . . .     Gourm    .     b - +0 robe
rNeg   . . .     Faith    .     (shield restricted)
rPois  .         Spirit   .     f - +1 hat
rElec  .         Dismiss  .     q - +0 cloak
rCorr  .         Reflect  .     (gloves unavailable)
MR     +....     Harm     .     (boots unavailable)
Stlth  +++++.....               (no amulet)
                                (no ring)
                                (no ring)

@: agile, very quick
A: unfitting armour, see invisible, herbivore 3, speed 3, slow metabolism 2
a: Potion Petition, Call Merchant, Bribe Branch, Renounce Religion


You were on level 4 of the Dungeon.
You worshipped Gozag.
Gozag was pleased with you.
You were not hungry.

You visited 1 branch of the dungeon, and saw 4 of its levels.

You collected 606 gold pieces.

Inventory:

Hand Weapons
 a - a +0 short sword
 p - a +1 short sword of holy wrath (weapon)
Armour
 b - a +0 robe (worn)
 f - a +1 hat (worn)
 q - a +0 cloak (worn)
Jewellery
 m - an uncursed ring of ice
 v - an uncursed amulet of harm {unknown}
Scrolls
 d - 2 scrolls of immolation {unknown}
 g - a scroll of identify {unknown}
 h - a scroll of blinking {unknown}
 i - 2 scrolls of teleportation {unknown}
 k - 3 scrolls of enchant armour {unknown}
 l - a scroll of fog {unknown}
 r - a scroll of random uselessness {unknown}
 u - a scroll of amnesia {unknown}
 w - a scroll of magic mapping {unknown}
Potions
 e - a potion of curing {unknown}
 j - a potion of agility
 n - a potion of berserk rage {unknown}
 o - a potion of invisibility {unknown}
 s - a potion of might {unknown}
 t - a potion of degeneration {unknown}
 x - a potion of haste {unknown}
Comestibles
 c - a bread ration


   Skills:
 + Level 3.2 Fighting
 * Level 5.3 Short Blades
 + Level 2.6 Throwing
 + Level 5.9 Dodging
 + Level 5.1 Stealth


You had 5 spell levels left.
You didn't know any spells.

Dungeon Overview and Level Annotations

Branches:
Dungeon (4/15)
 Temple: D:4-7

Altars:
Fedhas
Gozag
Kikubaaqudgha
Makhleb
Xom
Zin

Annotations:
D:2 Natasha
D:3 epen's ghost, amateur SpMo
D:4 Purgy


Innate Abilities, Weirdness & Mutations

You are tiny and cannot use many weapons and most armour.
You have supernaturally acute eyesight. (SInv)
You are a herbivore.
You cover ground extremely quickly.
You need consume almost no food.


Message History

The centaur closely misses you.
You hit the centaur.
The centaur is almost dead.
The centaur misses you.
The adder skeleton completely misses you.
You barely miss the centaur.
The centaur is almost dead.
The centaur misses you.
The adder skeleton completely misses you.
You barely miss the centaur.
The centaur is almost dead.
The centaur closely misses you. The adder skeleton barely misses you.
The centaur barely misses you.
You hit the centaur.
The centaur is almost dead.
The adder skeleton bites you.
* * * LOW HITPOINT WARNING * * *
The centaur hits you with an uncursed club!
You die...
Your body crumbles into a pile of gold.

......###......###.#..
$.... #......##.....
s... #..#########..
#.##.. # ##. #(#.#..# ##
#([..# # #.##..# ##
####.######.## ..# #.
......c@.(..(###########
....[.Z......##.# #.....
....$....##.###.###.####
.........##..##..##.# #
.........##..###....##
...>.....##...####...#
.........##.#.####...#
.##########..........###
##..........###......


You could see a centaur and an adder skeleton.

Vanquished Creatures
  A phantom (D:4)
  A howler monkey (D:4)
  A centaur skeleton (D:4)
  2 worker ants (D:4)
  2 gnolls (D:2)
  6 adders
  A dart slug (D:2)
  2 giant geckos (D:3)
  13 orcs
  2 ball pythons
  9 giant cockroaches
  4 hobgoblins
  4 kobolds
  2 quokkas
  13 bats
  8 giant newts
  12 goblins
  5 rats
88 creatures vanquished.

Notes
Turn   | Place    | Note
-------+----------+-------------------------------------------
     0 | D:1      | epen the Spriggan Monk began the quest for the Orb.
     0 | D:1      | Reached XP level 1. HP: 11/11 MP: 2/2
   239 | D:1      | Reached XP level 2. HP: 13/16 MP: 3/3
   745 | D:2      | Found an opulent altar of Gozag.
   756 | D:2      | Became a worshipper of Gozag Ym Sagoz the Greedy
   898 | D:2      | Reached skill level 1 in Throwing
   946 | D:2      | Reached XP level 3. HP: 19/19 MP: 4/4
  1019 | D:2      | Noticed Natasha
  1066 | D:3      | Found a shimmering altar of Xom.
  1066 | D:3      | Found a shimmering altar of Xom.
  1066 | D:3      | Found a shimmering altar of Xom.
  1067 | D:3      | Found a shimmering altar of Xom.
  1071 | D:3      | Noticed epen's ghost (amateur SpMo)
  1433 | D:3      | Found a burning altar of Makhleb.
  1435 | D:3      | Noticed a green death
  1560 | D:3      | Reached skill level 5 in Dodging
  1841 | D:2      | Reached XP level 4. HP: 23/23 MP: 5/5
  1915 | D:2      | Found a blossoming altar of Fedhas.
  3400 | D:4      | Reached XP level 5. HP: 27/27 MP: 6/6
  3416 | D:4      | Noticed a phantom
  3505 | D:4      | Killed a phantom
  3505 | D:4      | Reached skill level 5 in Stealth
  3824 | D:4      | Found an ancient bone altar of Kikubaaqudgha.
  3916 | D:4      | Noticed Purgy
  3949 | D:4      | Reached skill level 5 in Short Blades
  3949 | D:4      | Reached XP level 6. HP: 21/32 MP: 7/7
  4772 | D:4      | Found a glowing silver altar of Zin.
  5312 | D:4      | Slain by a centaur

Vault maps used:
D:1:      minmay_arrival_up_and_down
D:2:      fedhas_altar_3, lemuel_crystal_altar, uniq_natasha
D:3:      xom_redecorated, makhleb_altar_promises_db, uniq_robin
D:4:      marbit_many_paths, kiku_gazebo_garden_becter, zin_statuary,
          first_bread, uniq_purgy

Skill      XL: |  1  2  3  4  5 |
---------------+----------------+-----
Throwing       | 1 2 |  2.6
Short Blades   | 4 5 |  5.3
Dodging        | 5 |  5.9
Stealth        | 4 5 |  5.1
Fighting       | 3 |  3.2

Action                   |  1- 3 |  4- 6 || total
-------------------------+-------+-------++-------
Melee: Short sword       |   132 |   312 ||   444
  Use: Potion            |       |     1 ||     1
 Stab: Sleeping          |    16 |     3 ||    19
       Distracted        |     1 |     1 ||     2
  Eat: Bread ration      |       |     1 ||     1
Armor: Robe              |    15 |    33 ||    48
Dodge: Dodged            |   137 |   265 ||   402
